Unix NetHack Version 5.0.0-0 post-release - last build May 10 2026 23:12:36 (d1fa5d53e341ca933230fdaa984d921c805b60aa,branch:main).

Game began 2026-05-12 13:05:25, ended 2026-05-12 16:56:28.

DaveT, lawful male human Priest

                          -----------          ----
                          |.........|   -------->`--
                          |.........|   |..........|
                          |.........|   |.-.-----..|
                          |....<....|   |.*.|...|..|
                          |.........|   |-.......%.|
                          |.........|   |..|%..`.*.|
                          |.........|   |.--*.----.|
                          |.........|  --.|.%......|
                          |Y------------.....-.---.|
                          |.@......:....^..-...|...|
                          ----------------.........|
                                         |..|..-----
                                         -------

DaveT the Adept              St:14 Dx:13 Co:14 In:9 Wi:18 Ch:12  Lawful
Dlvl:5  $:2746 HP:0(69) Pw:67(67) AC:-2 Xp:8 T:7651  Burdened

Latest messages:
 The tiger misses!
 The tiger hits!
 The tiger bites!
 You hit the tiger!
 You hit the tiger!
 Click!  The newt triggers a rolling boulder trap.
 The tiger hits!
 The tiger misses!
 The tiger misses!
 You hit the tiger!
 The tiger hits!
 The tiger misses!
 The tiger misses!
 You kill the tiger!
 You hit the wolf!
 The wolf bites!
 You hit the wolf!
 You hit the wolf!
 The wolf bites!
 You kill the wolf!
 The yeti hits!
 The yeti misses!
 The yeti bites!
 You hit the yeti!
 The yeti hits!
 The yeti misses!
 The yeti bites!
 You hit the yeti!
 The yeti hits!
 The yeti misses!
 The yeti bites!
 The yeti hits!
 The yeti hits again!
 The yeti bites!
 You miss the yeti.
 The yeti hits!
 The yeti hits again!
 The yeti bites!
 Are you sure you want to pray? [yn] (n) y
 You begin praying to Anu.
 The yeti hits!
 The yeti hits again!
 The yeti misses!
 The yeti misses!
 The yeti hits!
 The yeti just misses!
 The yeti hits!
 You die...
 Do you want your possessions identified? [ynq] (y) y
 Do you want to see your attributes? [ynq] (y) q

Inventory:
 Coins    ('$')
  $ - 2746 gold pieces
 Weapons  (')')
  W - 3 +0 daggers
  Y - a blessed +1 aklys
  a - a blessed +3 mace (weapon in right hand)
 Armor    ('[')
  r - a blessed +0 orcish helm (being worn)
  t - a blessed +1 pair of speed boots (being worn)
  c - a +0 small shield (being worn)
  b - a burnt +0 robe (being worn)
  p - a +1 bronze plate mail (being worn)
 Comestibles  ('%')
  j - 2 slime molds
  e - 2 cloves of garlic
  n - a food ration
  f - a sprig of wolfsbane
  w - a lizard corpse
 Scrolls  ('?')
  S - a cursed scroll of amnesia
  Q - 3 scrolls of blank paper
  q - a scroll of confuse monster
  k - a scroll of earth
  i - a cursed scroll of earth
  x - a scroll of teleportation
 Potions  ('!')
  T - a potion of object detection
  g - a potion of water
 Rings    ('=')
  N - a ring of cold resistance
  o - a ring of fire resistance
  O - a ring of levitation
  s - a ring of protection from shape changers
  l - a ring of shock resistance
  Z - a ring of sustain ability
 Wands    ('/')
  u - a wand of cancellation (0:7)
  m - a wand of light (0:10)
  z - a wand of striking (0:3)
  h - a wand of teleportation (0:7)
 Tools    ('(')
  y - a magic flute (0:7)
  B - a blindfold
  C - a lock pick
  R - a +0 pick-axe
  F - a +0 unicorn horn

DaveT the Priest's attributes:

Background:
 You were an Adept, a level 8 human Priest.
 You were lawful, on a mission for Anu
 who was opposed by Ishtar (neutral) and Anshar (chaotic).
 You were right-handed.
 You were in Sokoban, on level 5.
 You entered the dungeon 7651 turns ago.
 You had 1805 experience points, 755 more were needed to attain level 9.

Basics:
 You had 0 out of 69 hit points.
 You had all 67 energy points (spell power).
 Your armor class was -2.
 Your wallet contained 2746 zorkmids.
 Autopickup was off.

Final Characteristics:
 Your strength was 14 (limit:18/100).
 Your dexterity was 13 (limit:18).
 Your constitution was 14 (limit:18).
 Your intelligence was 9 (limit:18).
 Your wisdom was 18 (limit:18).
 Your charisma was 12 (limit:18).

Final Status:
 You weren't hungry.
 You were burdened; movement was slightly slowed.
 You were wielding a mace.
 You had expert skill with mace.

Final Attributes:
 You were piously aligned.
 You were telepathic.
 You were guarded.
 Your spell casting was impaired by metallic armor, mitigated by your robe.
 You were very fast.
 You were unlucky.
 You are dead.

Miscellaneous:
 You didn't encounter any bones levels.
 Total elapsed playing time was 52 minutes and 43 seconds.

Major events:
 Turn
    1: DaveT the lawful human Priest entered the dungeon
  618: attained the rank of Acolyte (level 3)
 1392: entered the Gnomish Mines
 3117: attained the rank of Adept (level 6)
 3460: reached Mine Town
 6429: entered Sokoban
 7583: completed 2nd Sokoban level
 7651: killed by a yeti, while praying

Spells:
 Name                 Level Category     Fail Retention
 light                  1   clerical      67%   61%-70%
 protection             1   clerical      67%   61%-70%
 detect monsters        1   divination    67%   51%-75%
 sleep                  3   enchantment  100%  76%-100%
 stone to flesh         3   healing      100%  76%-100%

Skills:
 Fighting Skills
   bare handed combat [Unskilled]
 Weapon Skills
   club               [Unskilled]
   mace               [Expert]
   morning star       [Unskilled]
   flail              [Unskilled]
   hammer             [Unskilled]
   quarterstaff       [Unskilled]
   polearms           [Unskilled]
   spear              [Unskilled]
   trident            [Unskilled]
   lance              [Unskilled]
   bow                [Unskilled]
   sling              [Unskilled]
   crossbow           [Unskilled]
   dart               [Unskilled]
   shuriken           [Unskilled]
   boomerang          [Unskilled]
   unicorn horn       [Unskilled]
 Spellcasting Skills
   healing spells     [Unskilled]
   divination spells  [Unskilled]
   clerical spells    [Basic]

Voluntary challenges:
 Character rerolling was not enabled.
 You never genocided any monsters.
 You never polymorphed an object.
 You never changed form.
 You used no wishes.
 You violated the special Sokoban rules thrice.
Achievements:
 You attained the rank of Acolyte.
 You entered a shop.
 You entered the Gnomish Mines.
 You attained the rank of Adept.
 You entered Minetown.
 You entered a temple.
 You entered Sokoban.

 The Dungeons of Doom: levels 1 to 8
    Level 1:
       A fountain.
    Level 2:
       A general store.
    Level 3:
       A fountain.
       Stairs down to The Gnomish Mines.
    Level 4:
       A sink.
    Level 5:
       An altar to Anu, a fountain.
    Level 6:
       Many fountains.
       Oracle of Delphi.
    Level 7:
       A food shop, a fountain.
       Stairs up to Sokoban, level 6.
    Level 8:
 The Gnomish Mines: levels 4 to 6
    Level 4:
    Level 5:
    Level 6:
       Many shops, a temple and an altar to Anu, many fountains.
 Sokoban: levels 6 up to 5
    Level 5: <- You were here.
       Solved.
       Final resting place for
          you, killed by a yeti, while praying.
    Level 6:
       Unsolved.


Vanquished creatures:
  2 large mimics
  3 small mimics
  2 tigers
  a human mummy
  a quivering blob
  a wolf
  a gremlin
  a spotted jelly
  a baby long worm
  a gold golem
  2 lizards
  a jaguar
  a black unicorn
 an ape
  3 soldier ants
  2 fire ants
  a bugbear
  a quasit
  a mountain nymph
  2 rock piercers
  a rock mole
  a fog cloud
  7 gnome leaders
  3 gnomish wizards
  a paper golem
  a giant ant
  4 floating eyes
  a kitten
  2 dwarves
  a homunculus
  a kobold leader
  2 hill orcs
  9 rothes
  a rabid rat
  a centipede
  2 giant bats
 an orc zombie
  a werejackal
 an iguana
  3 acid blobs
  3 gas spores
  a hobbit
  2 manes
  a large kobold
  a hobgoblin
  a giant rat
  2 brown molds
  a yellow mold
  a green mold
  a red mold
 25 gnomes
  a gnome zombie
  9 geckos
 11 jackals
  3 foxes
  3 kobolds
  3 goblins
 13 grid bugs
  6 lichens
 11 newts
172 creatures vanquished.

No species were genocided or became extinct.

Game over:
                       ----------
                      /          \
                     /    REST    \
                    /      IN      \
                   /     PEACE      \
                  /                  \
                  |      DaveT       |
                  |     2746 Au      |
                  | killed by a yeti |
                  |                  |
                  |                  |
                  |                  |
                  |       2026       |
                 *|     *  *  *      | *
        _________)/\\_//(\/(/\)/\//\/|_)_______

Goodbye DaveT the Priest...

You died in Sokoban on dungeon level 5 with 10076 points,
and 2746 pieces of gold, after 7651 moves.
You were level 8 with a maximum of 69 hit points when you died.

